 Dungeon Crawl Stone Soup version 0.30.0-15-g856e2d3f33 (webtiles) character file.

Game seed: 1089943309515236282

186 Jase the Grasshopper (level 5, -6/49 HPs)
             Began as a Naga Warper on May 18, 2023.
             Mangled by an ice beast (13 damage)
             ... on level 5 of the Dungeon.
             The game lasted 00:24:09 (3611 turns).

Jase the Grasshopper (Naga Warper)                  Turns: 3611, Time: 00:24:10

Health: -6/49      AC:  6    Str: 14    XL:     5   Next: 66%
Magic:  8/8        EV:  9    Int: 15    God:
Gold:   96         SH:  0    Dex: 10    Spells: 1/8 levels left

rFire   . . .        a - +0 falchion
rCold   . . .        (no shield)
rNeg    . . .        b - +0 leather armour
rPois   +            f - +2 helmet
rElec   .            (no cloak)
rCorr   .            (no gloves)
SInv    +            (no barding)
Will    .....        (no amulet)
Stlth   +            (no ring)
HPRegen 0.28/turn    (no ring)
MPRegen 0.11/turn

%: no passive effects
@: short of breath, hasted, quick
A: AC +1, large, see invisible, deformed body, poison resistance, slowness 2,
spit poison 1, naga tail 1
a: Spit Poison


You were on level 5 of the Dungeon.
You visited 1 branch of the dungeon, and saw 5 of its levels.

You collected 162 gold pieces.
You spent 66 gold pieces at shops.

Inventory:

Hand Weapons
 a - a +0 falchion (weapon)
Missiles
 d - 7 boomerangs of dispersal (quivered)
 z - 5 boomerangs
Armour
 b - a +0 leather armour (worn)
 f - a +2 helmet (worn)
Jewellery
 i - a ring of ice
Wands
 y - a wand of roots (7)
Scrolls
 c - a scroll of blinking
 h - 3 scrolls of enchant armour
 j - a scroll of noise {unknown}
 n - a scroll of immolation {unknown}
 o - a scroll of amnesia {unknown}
 s - a scroll of poison {unknown}
 t - 3 scrolls of fog
 u - a scroll of enchant weapon {unknown}
 v - a scroll of fear {unknown}
 A - 2 scrolls of teleportation {unknown}
Potions
 g - a potion of mutation
 k - 3 potions of brilliance
 l - 3 potions of curing
 m - a potion of resistance
 q - 2 potions of might {unknown}
 r - 2 potions of attraction {unknown}
 w - a potion of magic {unknown}
 x - a potion of heal wounds {unknown}
 B - a potion of flight


   Skills:
 - Level 3.0 Fighting
 + Level 3.5 Long Blades
 - Level 0.8 Throwing
 + Level 1.6 Armour
 - Level 1.5 Dodging
 - Level 2.0 Spellcasting
 + Level 4.3 Translocations


You had one spell level left.
You knew the following spells:

 Your Spells              Type           Power      Damage    Failure   Level
a - Blink                 Tloc           28%        N/A       7%          2
b - Lesser Beckoning      Tloc           28%        N/A       7%          2
c - Teleport Other        Tloc           14%        N/A       14%         3

Your spell library contained the following spells:

 Spells                   Type           Power      Damage    Failure   Level
 Kiss of Death            Conj/Necr      4%         2d5       26%         1
 Vhi's Electric Charge    Tloc/Air       14%        N/A       34%         3
 Manifold Assault         Tloc           14%        N/A       41%         4
 Confusing Touch          Hex            1%         N/A       63%         3
 Dispel Undead            Necr           1%         3d6       95%         4


Dungeon Overview and Level Annotations

Branches:
Dungeon (5/15)
 Temple: D:4-7

Altars:

Shops:
D:4 *

Annotations:
D:3 3 runed translucent doors, Crazy Yiuf; PublicDefender's ghost, amateur GrFE


Innate Abilities, Weirdness & Mutations

Your serpentine skin is tough. (AC +1)
You have supernaturally acute eyesight. (SInv)
Armour fits poorly on your strangely shaped body.
Your system is resistant to poisons. (rPois)
You cover ground very slowly.
You can spit poison.
You have a snake-like lower body.


Message History

Aiming: Spit Poison (1% risk of failure)
Press: ? - help, Shift-Dir - straight line, f/p - ice beast
Aim: an ice beast (lightly wounded, 59% to hit)
The splash of poison hits the ice beast.
The ice beast is lightly wounded.
The ice beast hits you. The ice beast freezes you!
Unknown command.
You hit the ice beast.
The ice beast is lightly wounded.
The ice beast hits you. The ice beast freezes you.
You slash the ice beast!
The ice beast is heavily wounded.
The ice beast closely misses you.
You hit the ice beast.
The ice beast is heavily wounded.
You have got your breath back.
The ice beast hits you. The ice beast freezes you!
You hit the ice beast.
The ice beast is severely wounded.
The ice beast closely misses you.
You feel yourself speed up.
The ice beast hits you but does no damage.
You closely miss the ice beast. Your punch misses the ice beast.
The ice beast is severely wounded.
The ice beast hits you but does no damage.
You hit the ice beast.
The ice beast is severely wounded.
The ice beast hits you. The ice beast freezes you!
* * * LOW HITPOINT WARNING * * *
You closely miss the ice beast.
The ice beast is severely wounded.
Aiming: Spit Poison (1% risk of failure)
Press: ? - help, Shift-Dir - straight line, f/p - ice beast
Aim: an ice beast (severely wounded, 59% to hit)
The splash of poison hits the ice beast but does no damage.
The ice beast is severely wounded.
The ice beast hits you.
* * * LOW HITPOINT WARNING * * *
The ice beast freezes you!
You die...

..........#
..........
..........
##........##
#..........#
...........###
.............#
#.......@....#
#.......Y....#
#...........#
##..........#
#......######
#.....<#
#......#
##.###.# #.
...


You could see an ice beast.

Vanquished Creatures
  Ijyb (D:3)
  An orc wizard (D:3)
  2 adders
  A worm (D:2)
  4 dart slugs
  5 orcs
  11 ball pythons
  5 bats
  6 endoplasms
  4 giant cockroaches
  7 goblins
  8 hobgoblins
  9 jackals
  4 quokkas
  19 frilled lizards
  6 kobolds
  7 rats
100 creatures vanquished.

Notes
Turn   | Place    | Note
-------+----------+-------------------------------------------
     0 | D:1      | Jase the Naga Warper began the quest for the Orb.
     0 | D:1      | Reached XP level 1. HP: 19/19 MP: 3/3
   101 | D:1      | Reached XP level 2. HP: 12/26 MP: 5/5
   161 | D:1      | Learned a level 2 spell: Blink
   350 | D:1      | Reached XP level 3. HP: 33/33 MP: 6/6
   363 | D:1      | Learned a level 2 spell: Lesser Beckoning
   383 | D:1      | Found a faded altar of an unknown god.
   972 | D:2      | Identified the +4 hand axe of Resourcefulness {speed, rC+
                  | Dex+4}
  1192 | D:2      | Reached XP level 4. HP: 40/40 MP: 7/7
  1515 | D:2      | Identified the +0 scale mail of Ignis's Benevolence
                  | {*Corrode Fly rPois Str+4}
  2184 | D:3      | Found a runed translucent door.
  2185 | D:3      | Noticed PublicDefender's ghost (amateur GrFE)
  2208 | D:3      | Found a runed translucent door.
  2219 | D:3      | Reached skill level 1 in Armour
  2268 | D:3      | Reached skill level 4 in Translocations
  2268 | D:3      | Reached XP level 5. HP: 23/49 MP: 8/8
  2514 | D:3      | Found a runed translucent door.
  2515 | D:3      | Noticed Crazy Yiuf
  2618 | D:3      | Noticed Ijyb
  2633 | D:3      | Killed Ijyb
  2886 | D:3      | Learned a level 3 spell: Teleport Other
  2957 | D:4      | Found Ywkiub's CLEARANCE SALE!.
  2963 | D:4      | Bought a scroll of fog for 24 gold pieces
  2963 | D:4      | Bought a potion of brilliance for 24 gold pieces
  2963 | D:4      | Bought a potion of flight for 18 gold pieces
  3590 | D:5      | Entered Level 5 of the Dungeon
  3596 | D:5      | Noticed an ice beast
  3611 | D:5      | Mangled by an ice beast

Illustrated notes

Levels and vault maps discovered:
D:1:      psy_arrival_radial01, layout_rooms, shapermc_ecumenical_altar_ellora,
          nicolae_concentric_dashed_squares_mild, minmay_lizard_king
D:2:      wad_river_or_something, layout_basic
D:3:      layout_rooms, ebering_ghost_sewer_f, minmay_mini_jars, uniq_ijyb,
          uniq_crazy_yiuf_cottage
D:4:      layout_loops_cross, chequers_mini_garden, minmay_misc_feat_chi,
          nicolae_shop_clearance
D:5:      layout_rooms, dk_noncrumbling_2

Skill      XL: |  1  2  3  4 |
---------------+-------------+-----
Long Blades    | 3 |  3.5
Fighting       | 3 |  3.0
Armour         | 1 |  1.6
Translocations | 4 |  4.3
Throwing       | |  0.8
Dodging        | |  1.5
Spellcasting   | |  2.0

Action                     |  1- 3 |  4- 6 || total
---------------------------+-------+-------++-------
  Melee: Falchion          |    73 |   107 ||   180
   Cast: Lesser Beckoning  |       |     1 ||     1
Ability: Spit Poison       |    48 |    59 ||   107
    Use: Scroll            |       |     4 ||     4
         Potion            |       |     1 ||     1
 Armour: Leather armour    |    19 |    51 ||    70
  Dodge: Dodged            |    44 |    52 ||    96
